AoeStats
← Jacks story

Nomad

509721735Analyzed
4v4 RM · 6d ago on Sep 27, 2026· 47m 11s· 8 players
Game mode
Random Map
Map size
231×231
Population
200
Speed
Normal
Resources
Standard
Victory
Conquest
Starting age
Dark Age
Ending age
Imperial Age
RankedLock teamsTeams togetherTeam positionsShared explorationLock speedFull tech treeHidden civsTurbo modeCheats
Victory
Defeat
🇹🇷 Burgundians · Türkiye
1075
+13
🇳🇱 Spanish · Netherlands
1037
+14
🇨🇦 Poles · Canada
1035
+15
🇹🇷 Malians · Türkiye
1026
+15
🇺🇸 Varangians · United States
1101
-18
🇨🇴 Persians · Colombia
998
-14
🇺🇸 Danes · United States
967
-13
🇬🇧 Varangians · United Kingdom
953
-12
kinqpinq
12:22 Wheelbarrow
12:46 Double-Bit Axe
18:31 Feudal Age
17:00 Gold Mining
19:01 Stone Mining
18:58 Town Watch
19:05 Arson
20:33 Scale Mail Armor
23:27 Forging
26:20 Castle Age
27:56 Bow Saw
37:06 Town Patrol
37:03 Fishing Lines
41:26 Chain Mail Armor
43:35 Two-Man Saw
44:25 Iron Casting
47:03 Imperial Age
46:45 Hand Cart
47:10 Gold Shaft Mining
tiedchardshark
13:49 Feudal Age
18:26 Castle Age
17:13 Fishing Lines
19:29 Gillnets
32:31 Wheelbarrow
37:19 Imperial Age
36:12 Hand Cart
35:42 Town Watch
crabjuice
9:33 Loom
15:41 Feudal Age
17:31 Horse Collar
17:50 Fishing Lines
20:49 Castle Age
20:41 Wheelbarrow
20:42 Stone Mining
26:01 Bloodlines
26:25 Husbandry
28:11 Scale Barding Armor
28:17 Forging
29:17 Szlachta Privileges
33:34 Imperial Age
31:21 Hand Cart
31:28 Hand Cart
30:58 Town Watch
31:19 Heavy Plow
34:16 Iron Casting
34:02 Chain Barding Armor
34:57 Conscription
36:33 Cavalier
39:56 Blast Furnace
40:32 Double-Bit Axe
41:20 Crop Rotation
43:02 Scale Mail Armor
43:29 Pikeman
44:10 Squires
Levanius
16:49 Feudal Age
20:20 Castle Age
18:08 Double-Bit Axe
18:16 Fishing Lines
21:15 Bow Saw
22:48 Fletching
24:37 Loom
24:56 Gold Mining
25:05 Gillnets
25:38 Town Watch
26:28 Wheelbarrow
28:03 Medium Warships
28:36 Hand Cart
28:25 Bodkin Arrow
31:35 Careening
31:51 Ballistics
32:31 Clinker Construction
38:41 Imperial Age
36:53 Stone Mining
37:38 Gold Shaft Mining
36:45 Horse Collar
38:42 Scale Barding Armor
38:48 Forging
40:29 Chain Barding Armor
39:46 Light Cavalry
40:37 Bloodlines
40:27 Husbandry
41:03 Iron Casting
42:33 Plate Barding Armor
42:53 Conscription
43:05 Farimba
47:14 Tigui
Jacks story
17:05 Feudal Age
22:39 Castle Age
23:20 Double-Bit Axe
23:27 Gold Mining
23:32 Stone Mining
32:17 Elite Skirmisher
DukeFoyst
12:59 Loom
16:15 Feudal Age
19:41 Castle Age
19:08 Forging
21:50 Horse Collar
22:51 Double-Bit Axe
TheDukeofWrenches
3:55 Loom
14:28 Feudal Age
19:09 Double-Bit Axe
21:57 Castle Age
29:21 Wheelbarrow
31:58 Scale Mail Armor
LordSakayO
11:19 Loom
17:30 Feudal Age
21:23 Castle Age
22:47 Kamandaran
25:21 Fletching
26:47 Crossbowman
28:13 Bodkin Arrow
31:43 Thumb Ring
32:49 Double-Bit Axe
32:46 Horse Collar
35:26 Padded Archer Armor
37:01 Ballistics
40:24 Leather Archer Armor
40:20 Forging
40:16 Scale Barding Armor
41:14 Fishing Lines
45:02 Imperial Age
43:34 Masonry
44:21 Bow Saw
46:07 Conscription
47:20 Chemistry
46:51 Architecture
46:17 Town Watch
47:07 Wheelbarrow
Connection lost

Rejoining the realm…

Still unreachable

The connection could not be restored.

Session expired

The server has moved on; the page needs a fresh start.